[Event "Titled Tuesday Blitz July 11 Early 2023"]
[White "neri_gaite"]
[Black "Goughfather"]
[WhiteElo "2117"]
[BlackElo "2019"]
[Result "1/2-1/2"]
[Round "11"]
[TimeControl "180+2"]
[Date "2023.07.11"]
[WhiteClock "0:00:09"]
[BlackClock "0:00:02"]
[Board "145"]

1. c4 c6 2. Nf3 Nf6 3. Nc3 d5 4. e3 e6 5. d4 Be7 6. Bd3 dxc4 7. Bxc4 b5 8. Bd3 Bb7 9. O-O O-O 10. e4 b4 11. Ne2 c5 12. e5 Nfd7 13. Be3 Nc6 14. Qc2 h6 15. dxc5 Ndxe5 16. Be4 Nxf3+ 17. Bxf3 Qc7 18. Rfd1 Rfd8 19. Qe4 Na5 20. Qg4 Bxf3 21. gxf3 Nc4 22. Bxh6 Bf6 23. Ng3 Ne5 24. Qf4 Qc6 25. Nh5 Nxf3+ 26. Kf1 Be5 27. Qe3 Nxh2+ 28. Ke2 Qb5+ 29. Ke1 Bxb2 30. f3 Bc3+ 31. Kf2 gxh6 32. Kg2 Nxf3 33. Qxf3 Qc4 34. Qg3+ Kf8 35. Rac1 Qe4+ 36. Kh2 Qe2+ 37. Kh3 Qxh5+ 38. Kg2 Qe2+ 39. Kh3 Qh5+ 40. Kg2 Qe2+ 41. Kh3 Qh5+ 1/2-1/2


[Site "https://www.chess.com"]